 Dungeon Crawl Stone Soup version 0.20-a0-11-ga97c7b5 (webtiles) character file.

295 asthiss the Cutter (level 6, -4/72 HPs)
             Began as a Human Berserker on Nov 2, 2016.
             Was a Believer of Trog.
             Slain by Natasha (7 damage)
             ... on level 3 of the Dungeon.
             The game lasted 00:17:21 (2704 turns).

asthiss the Cutter (Human Berserker)                Turns: 2704, Time: 00:17:22

Health: -4/72      AC:  6    Str: 23    XL:     6   Next: 61%
Magic:  6/6        EV: 12    Int:  8    God:    Trog [**....]
Gold:   80         SH:  0    Dex: 13    Spells: 0 memorised, 5 levels left

rFire  . . .     SeeInvis .     g - +2 short sword (holy)
rCold  . . .     Gourm    .     d - +0 leather armour
rNeg   . . .     Faith    .     (no shield)
rPois  .         Spirit   .     p - +0 helmet
rElec  .         Reflect  .     h - +1 cloak
rCorr  .         Harm     .     (no gloves)
MR     .....                    (no boots)
Stlth  ..........               (no amulet)
                                (no ring)
                                (no ring)

@: berserking, very quick
A: no striking features
a: Berserk, Trog's Hand, Burn Spellbooks, Renounce Religion


You were on level 3 of the Dungeon.
You worshipped Trog.
Trog was pleased with you.
You were very hungry.

You visited 1 branch of the dungeon, and saw 3 of its levels.

You collected 80 gold pieces.

Inventory:

Hand Weapons
 a - a +0 mace
 g - a +2 short sword of holy wrath (weapon)
Missiles
 j - 5 silver tomahawks (quivered)
Armour
 d - a +0 leather armour (worn)
 h - a +1 cloak (worn)
 p - a +0 helmet (worn)
Jewellery
 n - an uncursed ring of wizardry {unknown}
 o - an uncursed amulet of regeneration {unknown}
Scrolls
 b - a scroll of fear
 e - 2 scrolls of magic mapping
 f - a scroll of fog
 k - a scroll of identify
Comestibles
 c - 2 bread rations
 m - 3 chunks of flesh


   Skills:
 + Level 3.7 Fighting
 * Level 4.2 Short Blades
 - Level 3.4 Maces & Flails
 + Level 3.1 Armour
 + Level 2.6 Dodging
 + Level 0.4 Stealth


You had 5 spell levels left.
You didn't know any spells.

Dungeon Overview and Level Annotations

Branches:
Dungeon (3/15)

Altars:
Okawaru
Zin

Annotations:
D:3 Natasha


Message History

The white imp gestures at you. The puff of frost hits you!
* * * LOW HITPOINT WARNING * * *
Natasha claws you.
* * * LOW HITPOINT WARNING * * *
You hit Natasha.
Natasha is heavily wounded.
The white imp misses you.
You hit Natasha.
Natasha is almost dead.
Natasha claws you.
* * * LOW HITPOINT WARNING * * *
The white imp gestures at you. The puff of frost hits you!
* * * LOW HITPOINT WARNING * * *
A red film seems to cover your vision as you go berserk!
You feel yourself moving faster!
You feel mighty!
You are feeling very hungry.
Natasha claws you!
You die...

### #.# ##.........###
..## #.# ##.....#......#
#..###)# ##.............##
##.....# #...............#
#####..###...............#
#####....................#
......####................
......# #................
......# #......@........#
......####......h5......##
........#..#...........##
.....##...#####.########
.....#....# ##.#
.......##.####..#
.....####.[...<.# ###.##
#####......# #.######
#..###..#


You could see Natasha and a white imp.

Vanquished Creatures
  Sigmund (D:3)
  Natasha (D:3)
  A worker ant zombie (D:3)
  Robin (D:2)
  3 adders
  An ooze (D:1)
  3 worms (D:2)
  A dart slug (D:2)
  A leopard gecko (D:1)
  3 giant cockroaches
  8 hobgoblins
  5 kobolds (D:1)
  2 quokkas (D:2)
  2 bats (D:1)
  2 frilled lizards (D:2)
  10 goblins
  5 rats
50 creatures vanquished.

Notes
Turn   | Place    | Note
-------+----------+-------------------------------------------
     0 | D:1      | asthiss the Human Berserker began the quest for the Orb.
     0 | D:1      | Reached XP level 1. HP: 18/18 MP: 1/1
   137 | D:1      | Found an iron altar of Okawaru.
   156 | D:1      | Reached XP level 2. HP: 16/24 MP: 2/2
   601 | D:1      | Reached XP level 3. HP: 28/29 MP: 3/3
   636 | D:1      | Reached skill level 1 in Short Blades
   943 | D:2      | Reached ** piety under Trog
   967 | D:2      | Noticed Robin
   982 | D:2      | Killed Robin
   982 | D:2      | Reached XP level 4. HP: 16/35 MP: 4/4
  1072 | D:2      | Reached skill level 2 in Short Blades
  1793 | D:2      | Found a glowing silver altar of Zin.
  1860 | D:3      | Noticed Natasha
  2130 | D:3      | Noticed Sigmund
  2361 | D:3      | Killed Sigmund
  2361 | D:3      | Reached skill level 3 in Short Blades
  2361 | D:3      | Reached XP level 5. HP: 42/42 MP: 5/5
  2361 | D:3      | Reached XP level 6. HP: 48/48 MP: 6/6
  2408 | D:3      | Reached skill level 4 in Short Blades
  2636 | D:3      | Killed Natasha
  2693 | D:3      | Noticed Natasha
  2703 | D:3      | HP: 2/48 [white imp/puff of frost[Natasha] (2)]
  2704 | D:3      | Slain by Natasha

Vault maps used:
D:1:      lightli_arrival_maybe_door_vault, okawaru_ov_weapons_minmay
D:2:      marbit_many_paths, first_bread, uniq_robin
D:3:      uniq_natasha, uniq_sigmund

Skill      XL: |  1  2  3  4  5  6 |
---------------+-------------------+-----
Short Blades   | 1 3 4 |  4.2
Armour         | 3 |  3.1
Fighting       | |  3.7
Maces & Flails | |  3.4
Dodging        | |  2.6
Stealth        | |  0.4

Action                   |  1- 3 |  4- 6 || total
-------------------------+-------+-------++-------
Melee: Mace              |    18 |       ||    18
       Short sword       |    72 |   104 ||   176
Invok: Berserk           |     1 |     4 ||     5
  Use: Scroll            |     6 |     1 ||     7
       Potion            |     1 |     1 ||     2
 Stab: Sleeping          |     1 |       ||     1
  Eat: Chunk             |       |     5 ||     5
       Bread ration      |       |     1 ||     1
Armor: Animal skin       |     2 |       ||     2
       Leather armour    |    22 |    35 ||    57
Dodge: Dodged            |    64 |    82 ||   146
